 Dungeon Crawl Stone Soup version 0.30.0-19-g36f170ea60 (webtiles) character file.

Game seed: 7252058904947360168

210 cdecastro the Shooter (level 6, -3/16 (44) HPs)
             Began as a Formicid Hunter on May 26, 2023.
             Slain by Edmund
             ... wielding a +1 flail of draining
              (9 damage)
             ... on level 4 of the Dungeon.
             The game lasted 00:05:51 (2480 turns).

cdecastro the Shooter (Formicid Hunter)             Turns: 2480, Time: 00:05:51

HP:   -3/16 (44)    AC:  4    Str: 16    XL:     6   Next: 12%
MP:   6/6           EV: 12    Int:  8    God:
Gold: 40            SH:  0    Dex: 19    Spells: 5/5 levels left

rFire   . . .        a - +0 shortbow
rCold   . . .        (no shield)
rNeg    . . .        c - +0 leather armour
rPois   .            (helmet unavailable)
rElec   .            (no cloak)
rCorr   .            (no gloves)
SInv    +            d - +0 pair of boots
Will    .....        (no amulet)
Stlth   ++           (no ring)
HPRegen 0.22/turn    (no ring)
MPRegen 0.10/turn

%: no passive effects
@: extremely drained
A: permanent stasis, dig shafts and tunnels, antennae 3, four strong arms
a: Dig, Shaft Self


You were on level 4 of the Dungeon.
You visited 1 branch of the dungeon, and saw 4 of its levels.

You collected 112 gold pieces.
You spent 72 gold pieces at shops.

Inventory:

Hand Weapons
 a - a +0 shortbow (weapon)
 b - the +7 falchion of the Establishment {freeze, rElec rF+ rC+ Will-}
   (You found it on level 2 of the Dungeon)

   rF:        It protects you from fire.
   rC:        It protects you from cold.
   rElec:     It insulates you from electricity.
   Will:      It decreases your willpower.
 k - a +1 dagger of electrocution
 p - a +0 arbalest
Missiles
 g - 12 poisoned darts
Armour
 c - a +0 leather armour (worn)
 d - a +0 pair of boots (worn)
Wands
 m - a wand of iceblast (7)
 w - a wand of digging (3)
Scrolls
 h - 5 scrolls of teleportation {unknown}
 i - 2 scrolls of blinking {unknown}
 l - 2 scrolls of identify {unknown}
 n - a scroll of immolation
 r - a scroll of fear {unknown}
 t - a scroll of acquirement {unknown}
Potions
 e - a potion of magic {unknown}
 f - a potion of haste {unknown}
 j - a potion of flight {unknown}
 o - 2 potions of degeneration {unknown}
 q - a potion of mutation {unknown}
 s - a potion of heal wounds {unknown}
 u - a potion of curing


   Skills:
 - Level 2.1 Fighting
 + Level 6.9 Ranged Weapons
 - Level 1.7 Dodging
 - Level 1.2 Stealth


You had 5 spell levels left.
You didn't know any spells.
Your spell library contained the following spells:

 Spells                   Type           Power      Damage    Failure   Level
 Freeze                   Ice            0%         1d3       47%         1
 Frozen Ramparts          Ice            0%         1d1       85%         3
 Hailstorm                Conj/Ice       0%         3d3       85%         3


Dungeon Overview and Level Annotations

Branches:
Dungeon (4/15)
 Temple: D:4-7

Altars:
Wu Jian

Shops:
D:2 (   D:4 !

Annotations:
D:4 Edmund


Innate Abilities, Weirdness & Mutations

You cannot be hasted, slowed, berserked, paralysed or teleported.
You can dig through walls and to a lower floor.
You have a pair of large antennae on your head. (SInv)
Your four strong arms can wield two-handed weapons with a shield.


Message History

You shoot an arrow. The arrow hits Edmund.
Edmund is heavily wounded.
Your transformation is almost over.
Edmund hits you but does no damage.
You feel drained.
You shoot an arrow. The arrow completely misses Edmund.
Edmund hits you with a +1 flail of draining.
You feel drained.
You shoot an arrow. The arrow hits Edmund.
Edmund is severely wounded.
Edmund hits you but does no damage.
You feel drained.
You shoot an arrow. The arrow barely misses Edmund.
Edmund hits you but does no damage.
You feel drained.
You shoot an arrow. The arrow barely misses Edmund.
Edmund hits you but does no damage.
You feel drained.
You shoot an arrow. The arrow hits Edmund!
Edmund is almost dead.
Edmund hits you but does no damage.
You feel drained.
You shoot an arrow.
The arrow hits Edmund but does no damage.
Edmund is almost dead.
Edmund hits you with a +1 flail of draining.
You feel drained.
Edmund hits you with a +1 flail of draining.
You feel drained.
You shoot an arrow. The arrow barely misses Edmund.
You feel less wooden.
Your +0 pair of boots unmelds from your body.
Your +0 leather armour unmelds from your body.
Edmund hits you with a +1 flail of draining.
You feel drained.
You shoot an arrow. The arrow barely misses Edmund.
Edmund hits you with a +1 flail of draining.
* * * LOW HITPOINT WARNING * * *
You feel drained.
* * * LOW HITPOINT WARNING * * *
You shoot an arrow. The arrow closely misses Edmund.
Edmund misses you.
You shoot an arrow. The arrow closely misses Edmund.
Edmund barely misses you.
Edmund hits you with a +1 flail of draining!
Ouch! That really hurt!
You die...

#.# #.# #.# ###.#
.#.# ..# ##@# #.@#
#.################
#.#.......##.....##
#.#.#####.........#
#.#.#######.......#
#.#.....# ##......#
#.#####.# ##.....#
#.......# #.....#
#.####.## ########


You could see Edmund.

Vanquished Creatures
  3 orc priests (D:3)
  2 adders
  An ufetubus (D:4)
  A worm (D:3)
  A dart slug (D:4)
  11 orcs
  8 bats
  8 endoplasms
  2 giant cockroaches (D:1)
  6 goblins
  3 hobgoblins
  4 jackals (D:1)
  4 quokkas (D:1)
  4 ball pythons
  6 frilled lizards
  10 kobolds
  6 rats
80 creatures vanquished.

Notes
Turn   | Place    | Note
-------+----------+-------------------------------------------
     0 | D:1      | cdecastro the Formicid Hunter began the quest for the Orb.
     0 | D:1      | Reached XP level 1. HP: 16/16 MP: 1/1
     6 | D:1      | You fall into a shaft and drop 1 floor!
    95 | D:1      | Reached XP level 2. HP: 20/22 MP: 2/2
   236 | D:1      | Found a faded altar of an unknown god.
   270 | D:1      | Reached XP level 3. HP: 27/27 MP: 3/3
   288 | D:1      | Reached skill level 5 in Ranged Weapons
   717 | D:2      | Found Kokokh's Antique Weapon Shoppe.
   767 | D:2      | Identified the +7 falchion of the Establishment {freeze,
                  | rElec rF+ rC+ Will-}
   865 | D:2      | Reached XP level 4. HP: 33/33 MP: 4/4
  1332 | D:3      | Reached XP level 5. HP: 38/38 MP: 5/5
  1337 | D:3      | Reached skill level 6 in Ranged Weapons
  1570 | D:3      | Found an ornate altar of the Wu Jian Council.
  1671 | D:3      | Reached XP level 6. HP: 42/44 MP: 6/6
  2219 | D:4      | Found Jiruzaa's Distillery.
  2226 | D:4      | Bought a potion of curing for 36 gold pieces
  2226 | D:4      | Bought a potion of lignification for 36 gold pieces
  2455 | D:4      | Noticed Edmund
  2480 | D:4      | Slain by Edmund

Illustrated notes

Levels and vault maps discovered:
D:1:      psy_arrival_fountain, layout_rooms, ebering_ecumenical_altar_rust
D:2:      layout_loops_ring, serial_shops, nicolae_diamond_shop,
          lexackson_kobold_supper
D:3:      layout_loops_ring, nicolae_wu_jian_wuxing_cycle,
          minmay_misc_feat_cross, grunt_decor_cap
D:4:      layout_loops_ring, kennysheep_mini_moat, minmay_temple_entry_waves,
          serial_co_window_serial, co_window_paths_b, co_window_corner_a,
          co_window_of_opportunity_a, co_window_of_opportunity_a,
          co_window_of_opportunity_a, co_window_corner_a, co_window_paths_a,
          co_window_of_opportunity_a, co_window_paths_b, co_window_corner_b,
          co_window_broadway_b, co_window_of_opportunity_b, co_window_corner_b,
          co_window_broadway_c, co_window_broadway_a, co_window_2corner,
          serial_shops, nicolae_shop_crystal, nicolae_shop_stone, uniq_edmund

Skill      XL: |  1  2  3  4  5 |
---------------+----------------+-----
Ranged Weapons | 5 6 |  6.9
Fighting       | |  2.1
Dodging        | |  1.7
Stealth        | |  1.2

Action                     |  1- 3 |  4- 6 || total
---------------------------+-------+-------++-------
   Fire: Shortbow          |    87 |   140 ||   227
    Use: Potion            |       |     1 ||     1
 Armour: Leather armour    |    25 |     9 ||    34
         Skin              |       |    16 ||    16
  Dodge: Dodged            |    28 |    32 ||    60
